 Dungeon Crawl Stone Soup version 0.19-a0-1637-gc13f225 (webtiles) character file.

41 sinon the Poker (level 3, 0/21 HPs)
             Began as a Tengu Skald on Oct 1, 2016.
             Slain by a bat (1 damage)
             ... on level 2 of the Dungeon.
             The game lasted 00:08:42 (969 turns).

sinon the Poker (Tengu Skald)                        Turns: 969, Time: 00:08:42

Health: 0/21       AC:  8    Str: 11    XL:     3   Next: 52%
Magic:  7/7        EV:  5    Int: 12    God:
Gold:   39         SH:  0    Dex: 13    Spells: 1 memorised, 5 levels left

rFire  + . .     SeeInvis .     a - +0 spear
rCold  . . .     Gourm    .     i - +0 chain mail
rNeg   . . .     Faith    .     (no shield)
rPois  .         Spirit   .     (helmet restricted)
rElec  .         Dismiss  .     (no cloak)
rCorr  .         Reflect  .     (no gloves)
MR     .....     Harm     .     (boots unavailable)
Stlth  ..........               (no amulet)
                                (no ring)
                                (no ring)

@: lethally poisoned (0 -> -4), very slightly contaminated, invisible
A: beak, talons 3, fire resistance 1, weak 1, subdued magic 1
a: Desperate Haste


You were on level 2 of the Dungeon.
You were not hungry.

You visited 1 branch of the dungeon, and saw 2 of its levels.

You collected 39 gold pieces.

Inventory:

Hand Weapons
 a - a +0 spear (weapon)
Missiles
 f - 52 stones (quivered)
Armour
 b - a +0 leather armour
 i - a +0 chain mail (worn)
 m - a +0 cloak
Jewellery
 l - an uncursed ring of fire
Scrolls
 e - a scroll of recharging {unknown}
 g - a scroll of amnesia {unknown}
 h - a scroll of enchant weapon {unknown}
 k - 2 scrolls of remove curse {unknown}
 n - a scroll of blinking {unknown}
 o - a scroll of identify {unknown}
Potions
 j - a potion of invisibility
Books
 c - a book of Battle

   Spells                             Type                      Level
   a - Infusion                       Charms                       1
   b - Shroud of Golubria             Charms/Translocation         2
   c - Song of Slaying                Charms                       2
   d - Spectral Weapon                Hexes/Charms                 3
   e - Regeneration                   Charms/Necromancy            3
Comestibles
 d - a bread ration
 p - a chunk of flesh


   Skills:
 - Level 2.0 Fighting
 + Level 4.1 Polearms
 - Level 1.1 Armour
 - Level 1.1 Dodging
 - Level 2.0 Spellcasting
 - Level 2.4 Charms


You had 5 spell levels left.
You knew the following spells:

 Your Spells              Type           Power        Failure   Level  Hunger
a - Infusion              Chrm           #...         100%        1    ##.....


Dungeon Overview and Level Annotations

Branches:
Dungeon (2/15)

Altars:


Innate Abilities, Weirdness & Mutations

You have a beak for a mouth.
You have claws for feet.
Your flesh is heat resistant. (rF+)
You are weak. (Str -2)
Your spells are a little easier to cast, but a little less powerful.


Message History

It was a potion of mutation.
You feel extremely strange.
You feel resistant to heat.
You feel weaker.
Your connection to magic feels subdued.
Okay, then.
A bat comes into view.
* * * LOW HITPOINT WARNING * * *
You feel sick.
* * * LOW HITPOINT WARNING * * *
You feel sick.
You see here a cloak.
m - a cloak The bat closely misses you.
You barely miss the bat. You claw the bat.
The bat is moderately wounded.
The bat barely misses you. The bat hits you but does no damage.
You hit the bat. Your kick misses the bat. Your peck misses the bat.
The bat is severely wounded.
* * * LOW HITPOINT WARNING * * *
You feel sick. The bat hits you.
You die...

##.......####
#........+..#
#........##.#######
#..................
#.........#.#####.
#.........#.#
#.........#.#
#.#+#.#+#.#.#
#.#.#<..#.#@#
#.#.#.#.#.#b#
#.#..)..#.#.#
#.....#...#.#
#####.#.###.......#
#.# . .(......# #+#
...(......#
b..........
..........##


You could see a bat.

Vanquished Creatures
  An adder (D:2)
  2 dart slugs (D:1)
  A leopard gecko (D:1)
  6 bats
  2 goblins
  3 hobgoblins (D:1)
  3 frilled lizards (D:1)
  4 kobolds (D:1)
  7 rats (D:1)
29 creatures vanquished.

Notes
Turn   | Place    | Note
-------+----------+-------------------------------------------
     0 | D:1      | sinon the Tengu Skald began the quest for the Orb.
     0 | D:1      | Reached XP level 1. HP: 12/12 MP: 4/4
   189 | D:1      | Reached skill level 3 in Polearms
   189 | D:1      | Reached XP level 2. HP: 16/17 MP: 6/6
   658 | D:1      | Reached XP level 3. HP: 20/21 MP: 7/7
   915 | D:2      | Reached skill level 4 in Polearms
   961 | D:2      | Gained mutation: Your flesh is heat resistant. (rF+) [potion of mutation]
   961 | D:2      | Gained mutation: You are weak. (Str -2) [potion of mutation]
   961 | D:2      | Gained mutation: Your spells are a little easier to cast, but a little less powerful. [potion of mutation]
   965 | D:2      | HP: 1/21 [poisoned by an adder]
   969 | D:2      | Slain by a bat

Vault maps used:
D:1:      zelgadis_glass_arrival_small
D:2:      uniq_iyjb

Skill      XL: |  1  2  3 |
---------------+----------+-----
Polearms       | 3 4 |  4.1
Fighting       | |  2.0
Armour         | |  1.1
Dodging        | |  1.1
Spellcasting   | |  2.0
Charms         | |  2.4

Action                   || total
-------------------------++-------
Melee: Spear             ||    98
       Kick              ||    15
       Peck              ||     7
Throw: Stone             ||     3
 Cast: Infusion          ||     1
  Use: Potion            ||     2
 Stab: Sleeping          ||     1
Armor: Leather armour    ||     3
       Chain mail        ||    36
Dodge: Dodged            ||    30
